 Dungeon Crawl Stone Soup version 0.25.1-2-g60ff931df9 (webtiles) character file.

Game seed: 14593934796313414461

130 Chiseanne the Magician (level 4, -13/30 HPs)
             Began as a Demonspawn Wizard on Oct 8, 2020.
             Killed from afar by Ijyb (22 damage)
             ... with a bolt of acid
             ... on level 3 of the Dungeon.
             The game lasted 00:07:47 (3300 turns).

Chiseanne the Magician (Demonspawn Wizard)          Turns: 3300, Time: 00:07:47

Health: -13/30     AC:  2    Str:  8    XL:     4   Next: 89%
Magic:  8/10       EV: 16    Int: 20    God:
Gold:   119        SH:  0    Dex: 11    Spells: 5/11 levels left

rFire    . . .     SeeInvis .   i - +0 spear
rCold    . . .     Gourm    .   (no shield)
rNeg     . . .     Faith    .   a - +0 robe
rPois    .         Spirit   .   b - +0 hat
rElec    .         Reflect  .   (no cloak)
rCorr    .         Harm     .   (no gloves)
MR       .....                  (no boots)
Stlth    ++........             h - amulet of the acrobat
HPRegen  0.10/turn              j - +4 ring of evasion
MPRegen  0.12/turn              (no ring)

@: mighty
A: horns 1, powered by pain 1
a: no special abilities


You were on level 3 of the Dungeon.
You were not hungry.

You visited 1 branch of the dungeon, and saw 3 of its levels.

You collected 119 gold pieces.

Inventory:

Hand Weapons
 i - a +0 spear (weapon)
 w - a +0 hunting sling
Missiles
 e - 34 arrows
 f - 146 stones (quivered)
 g - 38 bolts
 p - 2 boomerangs
Armour
 a - a +0 robe (worn)
 b - a +0 hat (worn)
Jewellery
 h - an amulet of the acrobat (around neck)
 j - a +4 ring of evasion (left hand)
Wands
 o - a wand of acid (9)
Scrolls
 c - a scroll of remove curse
 m - 3 scrolls of teleportation
Potions
 q - a potion of lignification
 t - a potion of stabbing
Comestibles
 d - 2 rations
 k - 2 chunks of flesh


   Skills:
 - Level 1.7 Dodging
 - Level 1.7 Stealth
 * Level 4.3 Spellcasting
 * Level 3.3 Conjurations
   Level 1.0 Summonings
 - Level 0.8 Translocations


You had 5 spell levels left.
You knew the following spells:

 Your Spells              Type           Power        Failure   Level  Hunger
a - Magic Dart            Conj           ###.         3%          1    None
b - Blink                 Tloc           N/A          13%         2    #......
d - Mephitic Cloud        Conj/Pois/Air  #.......     24%         3    ###....

Your spell library contained the following spells:

 Spells                   Type           Power        Failure   Level  Hunger
 Call Imp                 Summ           #.......     12%         2    #......
 Slow                     Hex            #.......     19%         2    #......
 Conjure Flame            Conj/Fire      ##......     19%         3    ###....


Dungeon Overview and Level Annotations

Branches:
Dungeon (3/15)

Altars:
Qazlal
Xom

Annotations:
D:3 Ijyb


Innate Abilities, Weirdness & Mutations

You have a pair of small horns on your head.
You sometimes gain a little power by taking damage.


Message History

The bolt of acid misses the jackal.
The bolt of acid misses you. The jackal completely misses you.
The jackal completely misses you. The jackal completely misses you.
There is an open gate here.
The jackal closely misses you.
You closely miss the jackal. The jackal misses you.
Ijyb zaps a wand.
The bolt of acid hits you!
You focus on the pain.
You feel very mighty all of a sudden.
You are splashed with acid!
* * * LOW HITPOINT WARNING * * *
The jackal closely misses you.
Your magical contamination has completely faded away.
You closely miss the jackal. The jackal closely misses you.
The jackal misses you.
You puncture the jackal!
You kill the jackal!
Ijyb zaps a wand.
The bolt of acid hits you!!
Ouch! That really hurt!
You die...

##≈≈≈..#...#....
#≈≈#########..##
##≈≈#..........#
#...'........).#
#...g......÷...#
#...'..........#
#g≈≈#..........#
##†≈≈#########..#
########@.#≈≈≈..#
#..#
.........##≈≈≈..+
+..#
######.####≈≈).#
#### ##...##
≈≈..#
####..#..##≈≈...
....###...≈≈≈..
####..#..#.#≈≈≈≈
##...##.# ≈≈
##.###.#


You could see Ijyb and a goblin.

Vanquished Creatures
  A hound (D:3)
  An adder (D:2)
  An ooze (D:1)
  2 dart slugs
  5 leopard geckos
  A ball python (D:2)
  2 giant cockroaches
  13 goblins
  10 hobgoblins
  8 jackals
  A quokka (D:2)
  10 bats
  3 frilled lizards (D:1)
  6 kobolds
  5 rats
69 creatures vanquished.

Notes
Turn   | Place    | Note
-------+----------+-------------------------------------------
     0 | D:1      | Chiseanne the Demonspawn Wizard began the quest for the
                  | Orb.
     0 | D:1      | Reached XP level 1. HP: 13/13 MP: 4/4
   435 | D:1      | Gained mutation: You sometimes gain a little power by
                  | taking damage. [demonic ancestry]
   435 | D:1      | Reached XP level 2. HP: 19/19 MP: 3/6
   986 | D:1      | Gained mutation: You have a pair of small horns on your
                  | head. [demonic ancestry]
   986 | D:1      | Reached XP level 3. HP: 22/24 MP: 0/8
  1857 | D:2      | Learned a level 2 spell: Blink
  1861 | D:2      | Learned a level 3 spell: Mephitic Cloud
  2209 | D:2      | Reached XP level 4. HP: 27/30 MP: 1/9
  2406 | D:2      | Found a shimmering altar of Xom.
  2544 | D:2      | Reached skill level 4 in Spellcasting
  3046 | D:3      | Found a stormy altar of Qazlal.
  3274 | D:3      | Noticed Ijyb
  3300 | D:3      | Killed from afar by Ijyb

Illustrated notes

Levels and vault maps discovered:
D:1:      minmay_arrival_floating_metal, layout_loops_ring,
          chequers_serial_rivers_micro_a, minivault_11, minivault_5
D:2:      layout_rooms, tgw_xom, serial_glass, glass_columns_a, glass_columns_c,
          glass_columns_c, glass_columns_a, glass_columns_b, glass_columns_b,
          glass_columns_c, glass_columns_c, glass_columns_b, glass_columns_b
D:3:      kennysheep_goblin_castle, layout_loops_ring, kennysheep_slug_shrine,
          first_ration, kennysheep_path_1, grunt_qazlal_sundering

Skill      XL: |  1  2  3  4 |
---------------+-------------+-----
Conjurations   | 2 3 |  3.3
Spellcasting   | 4 |  4.3
Dodging        | |  1.7
Stealth        | |  1.7
Summonings     | |  1.0
Translocations | |  0.8

Action                   |  1- 3 |  4- 6 || total
-------------------------+-------+-------++-------
Melee: Club              |    25 |       ||    25
       Spear             |     3 |     4 ||     7
       Headbutt          |     1 |       ||     1
 Cast: Magic Dart        |   104 |    51 ||   155
  Use: Scroll            |     2 |     8 ||    10
  Eat: Chunk             |     4 |     3 ||     7
Armor: Robe              |     8 |     1 ||     9
Dodge: Dodged            |    35 |    21 ||    56
